 Dungeon Crawl Stone Soup version 0.28.0-1-gb440e238dd (webtiles) character file.

Game seed: 3354838009187965664

178 JuozasPetrasionis the Skirmisher (level 5, -1/34 HPs)
             Began as a Gargoyle Fighter on Feb 20, 2022.
             Slain by a black bear (2 damage)
             ... on level 3 of the Dungeon.
             The game lasted 00:17:18 (2586 turns).

JuozasPetrasionis the Skirmisher (Gargoyle Fighter) Turns: 2586, Time: 00:17:22

Health: -1/34      AC: 10    Str: 20    XL:     5   Next: 58%
Magic:  5/5        EV: 10    Int:  8    God:
Gold:   122        SH:  9    Dex: 11    Spells: 4/4 levels left

rFire   . . .      SeeInvis .   a - +0 flail
rCold   . . .      Faith    .   c - +0 buckler
rNeg    + . .      Spirit   .   d - +3 leather armour
rPois   ∞          Reflect  +   (no helmet)
rElec   +          Harm     .   (no cloak)
rCorr   .          Rampage  .   (no gloves)
Will    .....                   (no boots)
Stlth   +.........              h - amulet of reflection
HPRegen 0.11/turn               (no ring)
MPRegen 0.09/turn               (no ring)

@: no status effects
A: sickness immunity, AC +4, negative energy resistance 1, electricity
resistance, torment resistance 1, petrification resistance
a: no special abilities


You were on level 3 of the Dungeon.
You visited 1 branch of the dungeon, and saw 4 of its levels.

You collected 122 gold pieces.

Inventory:

Hand Weapons
 a - a +0 flail (weapon)
Missiles
 g - 3 silver boomerangs (quivered)
Armour
 c - a +0 buckler (worn)
 d - a +3 leather armour (worn)
 j - a scarf of invisibility
Jewellery
 h - an amulet of reflection (around neck)
Wands
 r - a wand of iceblast (5)
Scrolls
 e - a scroll of teleportation {unknown}
 f - a scroll of vulnerability {unknown}
 i - a scroll of blinking {unknown}
 k - a scroll of fear {unknown}
 l - a scroll of noise {unknown}
 q - a scroll of identify {unknown}
Potions
 b - a potion of degeneration {unknown}
 m - a potion of heal wounds
 n - a potion of mutation {unknown}
 o - a potion of curing {unknown}
 p - a potion of attraction {unknown}
 s - a potion of haste {unknown}


   Skills:
 * Level 4.9 Fighting
 + Level 3.0 Maces & Flails
 + Level 4.2 Armour
 + Level 4.1 Shields


You had 4 spell levels left.
You didn't know any spells.
Your spell library contained the following spells:

 Spells                   Type           Power      Damage    Failure   Level
 Shock                    Conj/Air       0%         1d3       54%         1
 Gell's Gravitas          Tloc           0%         N/A       89%         3
 Swiftness                Air            0%         N/A       89%         3
 Teleport Other           Tloc           0%         N/A       89%         3
 Airstrike                Air            0%         N/A       100%        4
 Dispersal                Tloc           0%         N/A       100%        6


Dungeon Overview and Level Annotations

Branches:
Dungeon (4/15)
 Temple: D:4-7

Altars:
Cheibriados


Innate Abilities, Weirdness & Mutations

You are immune to sickness and miasma.
Your stone body is resilient. (AC +4)
You are immune to poison.
You resist negative energy. (rN+)
You are resistant to electric shocks. (rElec)
You are resistant to unholy torment.
You are immune to petrification.


Message History

You hit the black bear.
The black bear is severely wounded.
The black bear misses you. You block the black bear's attack.
The black bear closely misses you. x2
The black bear claws you but does no damage.
The black bear claws you.
You barely miss the black bear.
The black bear is severely wounded.
The black bear bites you but does no damage.
You block the black bear's attack. x2; The black bear bites you.
The black bear misses you. The black bear closely misses you.
You sock the black bear!
The black bear is almost dead.
The black bear bites you.
The black bear claws you but does no damage.
You block the black bear's attack.
You feel much better. The black bear bites you!
The black bear claws you but does no damage.
The black bear claws you. The black bear completely misses you.
You block the black bear's attack.
The black bear claws you but does no damage.
You hit the black bear but do no damage.
The black bear is almost dead.
The black bear barely misses you. x2; You block the black bear's attack. x2
The black bear claws you but does no damage. x2
You barely miss the black bear.
The black bear is almost dead.
The black bear bites you.
The black bear claws you but does no damage.
The black bear claws you.
The black bear bites you but does no damage.
You block the black bear's attack. x2
You barely miss the black bear.
The black bear is almost dead.
The black bear bites you but does no damage.
You block the black bear's attack. The black bear claws you.
The black bear bites you!
* * * LOW HITPOINT WARNING * * *
The black bear claws you.
You die...

.# #.# .# #.# #.#
.# #.# #.#
.#########.###.#.#
...............#.#
.#########.#####>#
.# #.# #.# .#
#.#####h# .#
#....##@# .#
####.##.##..# ##
#...........+
######
#.##.##.###.#
.....# #.##.##.#
###..# #.##.##..
#..# ##.##.#####
#..####...#.#
##.#.....#.#.#


You could see a black bear (berserk).

Vanquished Creatures
  An ogre (D:3)
  4 adders (D:2)
  5 orcs (D:3)
  4 ball pythons
  3 endoplasms
  2 giant cockroaches
  11 hobgoblins
  3 jackals (D:3)
  4 quokkas
  4 bats
  4 frilled lizards
  2 goblins (D:2)
  3 kobolds (D:2)
  5 rats
55 creatures vanquished.

Notes
Turn   | Place    | Note
-------+----------+-------------------------------------------
     0 | D:1      | JuozasPetrasionis the Gargoyle Fighter began the quest for
                  | the Orb.
     0 | D:1      | Reached XP level 1. HP: 14/14 MP: 1/1
   418 | D:1      | Reached XP level 2. HP: 19/19 MP: 2/2
  1088 | D:2      | Reached XP level 3. HP: 19/24 MP: 3/3
  1608 | D:3      | Noticed an ogre
  1684 | D:2      | Reached XP level 4. HP: 29/29 MP: 4/4
  2072 | D:3      | Found a snail-covered altar of Cheibriados.
  2250 | D:3      | Killed an ogre
  2251 | D:3      | Reached XP level 5. HP: 20/34 MP: 5/5
  2573 | D:3      | Noticed a black bear
  2586 | D:3      | HP: 1/34 [black bear (10)]
  2586 | D:3      | Slain by a black bear

Illustrated notes

Levels and vault maps discovered:
D:1:      dpeg_arrival_castle, layout_loops_ring, chequers_decorated_corner
D:2:      layout_rooms, wad_floor_pattern_untrapped
D:3:      layout_loops_ring, general_overflow_altar, saegor_snake_ambush
D:4:      layout_cave_pools, mainiacjoe_overflow_concentric_impassable,
          mainiacjoe_overflow_paths, chequers_temple_overflow_statue_of_worship,
          nicolae_ossuary_entry_catacombs, serial_glass, glass_columns_b,
          glass_columns_a, glass_columns_a, glass_columns_a,
          minmay_strange_pillars, item_on_display_b, minmay_strange_pillars,
          item_on_display_b, grunt_ministairs_9, minivault_1, minivault_1

Skill      XL: |  1  2  3  4 |
---------------+-------------+-----
Fighting       | 4 |  4.9
Maces & Flails | 3 |  3.0
Armour         | 4 |  4.2
Shields        | 4 |  4.1

Action                   |  1- 3 |  4- 6 || total
-------------------------+-------+-------++-------
Melee: Flail             |   141 |    53 ||   194
  Use: Potion            |       |     3 ||     3
Armor: Scale mail        |    74 |    10 ||    84
       Leather armour    |       |    18 ||    18
Dodge: Dodged            |    50 |    19 ||    69
Block: Buckler           |    69 |    36 ||   105
       Reflection        |     3 |     1 ||     4
